PIO (24 & UNDER)
CHULA VISTA TACOS @ SASKATOON SMOKIN' GUNS
06/09/2023
 
TOP OF THE 1ST
Chula Vista Tacos batting - Pitching for Saskatoon Smokin' Guns : RHP Bernardo Romero
Pitching: RHP Bernardo Romero
Batting: RHB Jorge Collazo 0-0: Called Strike
0-1: Swinging Strike
0-2: Fly out, F9 (Flyball, 9M)
Batting: RHB Doug Brown 0-0: Ball
1-0: Called Strike
1-1: DOUBLE (Flyball, 7S)
Batting: LHB Mario Olivares 0-0: Ball
1-0: SINGLE (Groundball, 34)
Doug Brown to third
Runner from 3rd tries for Home, SAFE, throw made home
Mario Olivares to second
Batting: RHB Scott Green 0-0: Called Strike
Mario Olivares is caught stealing 3rd base
0-1: Foul Ball, location: 2F
0-2: Foul Ball, location: 2F
0-2: Strikes out looking
Top of the 1st over - 1 run(s), 2 hit(s), 0 error(s), 0 left on base; Chula Vista 1 - Saskatoon 0
BOTTOM OF THE 1ST
Saskatoon Smokin' Guns batting - Pitching for Chula Vista Tacos : RHP Luis Trevino
Pitching: RHP Luis Trevino
Batting: RHB Oliver Harris 0-0: Ground out 1-3 (Groundball, 13S)
Batting: RHB Eric Neal 0-0: Ball
1-0: Foul Ball, location: 2F
1-1: Fly out, F6 (Popup, 6MD)
Batting: LHB Freddy Herrera 0-0: Ball
1-0: Called Strike
1-1: Ball
2-1: Ball
3-1: Foul Ball, location: 2F
3-2: Foul Ball, location: 2F
3-2: Base on Balls
Batting: LHB Del Kennedy 0-0: Ball
1-0: Ball
2-0: Ball
3-0: Foul Ball, location: 2F
3-1: Foul Ball, location: 2F
3-2: SINGLE (Flyball, 9LM)
Freddy Herrera to second
Freddy Herrera to third
Batting: RHB António Yánez 0-0: Called Strike
Del Kennedy steals 2nd base
0-1: Ball
1-1: Ball
2-1: Ball
3-1: Foul Ball, location: 2F
3-2: Strikes out swinging
Bottom of the 1st over - 0 run(s), 1 hit(s), 0 error(s), 2 left on base; Chula Vista 1 - Saskatoon 0
TOP OF THE 2ND
Chula Vista Tacos batting - Pitching for Saskatoon Smokin' Guns : RHP Bernardo Romero
Batting: SHB Adrián Nieto 0-0: Swinging Strike
0-1: Ball
1-1: Fly out, F5 (Line Drive, 5)
Batting: LHB José Torres 0-0: Swinging Strike
0-1: Fly out, F3 (Line Drive, 34)
Batting: RHB Luis Martínez 0-0: Ground out 6-3 (Groundball, 6M)
Top of the 2nd over - 0 run(s), 0 hit(s), 0 error(s), 0 left on base; Chula Vista 1 - Saskatoon 0
BOTTOM OF THE 2ND
Saskatoon Smokin' Guns batting - Pitching for Chula Vista Tacos : RHP Luis Trevino
Batting: RHB Pedro Núńez 0-0: Foul Ball, location: 2F
0-1: Foul Ball, location: 2F
0-2: Ball
1-2: Ball
2-2: Ball
3-2: Base on Balls
Batting: RHB Chris Richards 0-0: Swinging Strike
0-1: Ball
1-1: Ball
2-1: Grounds into double play, 6-4-3 (Groundball, 56)
Batting: RHB Alvin Hampton 0-0: Called Strike
0-1: Swinging Strike
0-2: Ball
1-2: Foul Ball, location: 2F
1-2: DOUBLE (Line Drive, 8LM)
Batting: RHB Jason O'Toole 0-0: Ball
1-0: Ground out 6-3 (Groundball, 6)
Bottom of the 2nd over - 0 run(s), 1 hit(s), 0 error(s), 1 left on base; Chula Vista 1 - Saskatoon 0
TOP OF THE 3RD
Chula Vista Tacos batting - Pitching for Saskatoon Smokin' Guns : RHP Bernardo Romero
Batting: SHB Brian Price 0-0: Ball
1-0: SINGLE (Groundball, 4MD)
Batting: RHB Tim Davis 0-0: Called Strike
0-1: Ball
1-1: SINGLE (Line Drive, 8RS)
Brian Price to second
Batting: RHB Jorge Collazo 0-0: Ball
1-0: Foul Ball, location: 2F
1-1: Foul Ball, location: 2F
1-2: Hit by Pitch
Brian Price to third
Tim Davis to second
Batting: RHB Doug Brown 0-0: Called Strike
0-1: Ball
1-1: Ball
2-1: Called Strike
2-2: Strikes out looking
Batting: LHB Mario Olivares 0-0: Called Strike
0-1: Fly out, F8 (Flyball, 8RXD)
Runner from 3rd tags up, SCORES, no throw
Tim Davis to third
Batting: RHB Scott Green 0-0: Called Strike
0-1: Foul Ball, location: 2F
0-2: Ball
1-2: Strikes out swinging
Top of the 3rd over - 1 run(s), 2 hit(s), 0 error(s), 2 left on base; Chula Vista 2 - Saskatoon 0
BOTTOM OF THE 3RD
Saskatoon Smokin' Guns batting - Pitching for Chula Vista Tacos : RHP Luis Trevino
Batting: RHB Oliver Harris 0-0: Ball
1-0: Ground out 6-3 (Groundball, 6)
Batting: RHB Eric Neal 0-0: Ball
1-0: Fly out, F7 (Line Drive, 78S)
Batting: LHB Freddy Herrera 0-0: Ball
1-0: Called Strike
1-1: Swinging Strike
1-2: Foul Ball, location: 2F
1-2: Strikes out swinging
Bottom of the 3rd over - 0 run(s), 0 hit(s), 0 error(s), 0 left on base; Chula Vista 2 - Saskatoon 0
TOP OF THE 4TH
Chula Vista Tacos batting - Pitching for Saskatoon Smokin' Guns : RHP Bernardo Romero
Batting: SHB Adrián Nieto 0-0: Called Strike
0-1: Reached on error, E6 (Groundball, 6)
Batting: LHB José Torres 0-0: Ball
1-0: Foul Ball, location: 2F
1-1: Grounds into double play, 4-6-3 (Groundball, 34)
Batting: RHB Luis Martínez 0-0: Hit by Pitch
Batting: SHB Brian Price 0-0: Ball
1-0: Ball
2-0: Ball
3-0: Base on Balls
Luis Martínez to second
Batting: RHB Tim Davis 0-0: Called Strike
0-1: Ball
1-1: Swinging Strike
1-2: Strikes out swinging
Top of the 4th over - 0 run(s), 0 hit(s), 1 error(s), 2 left on base; Chula Vista 2 - Saskatoon 0
BOTTOM OF THE 4TH
Saskatoon Smokin' Guns batting - Pitching for Chula Vista Tacos : RHP Luis Trevino
Batting: LHB Del Kennedy 0-0: SINGLE (Line Drive, 6MD)
Batting: RHB António Yánez 0-0: Ball
Wild Pitch!
Del Kennedy to second
1-0: Foul Ball, location: 2F
1-1: Called Strike
1-2: Foul Ball, location: 2F
1-2: Foul Ball, location: 2F
1-2: Ball
2-2: Foul Ball, location: 2F
2-2: Strikes out swinging
Batting: RHB Pedro Núńez 0-0: Ball
1-0: Called Strike
1-1: Foul Ball, location: 2F
1-2: Ball
2-2: Ball
3-2: Foul Ball, location: 2F
3-2: Base on Balls
Batting: RHB Chris Richards 0-0: Called Strike
0-1: Ball
1-1: Foul Ball, location: 2F
1-2: Ball
2-2: Foul Ball, location: 2F
2-2: Strikes out swinging
Batting: RHB Alvin Hampton 0-0: Called Strike
0-1: Foul Ball, location: 2F
0-2: Ball
1-2: Ball
2-2: Ball
3-2: Strikes out swinging
Bottom of the 4th over - 0 run(s), 1 hit(s), 0 error(s), 2 left on base; Chula Vista 2 - Saskatoon 0
TOP OF THE 5TH
Chula Vista Tacos batting - Pitching for Saskatoon Smokin' Guns : RHP Bernardo Romero
Batting: RHB Jorge Collazo 0-0: Ball
1-0: Fly out, F4 (Popup, 4)
Batting: RHB Doug Brown 0-0: Ball
1-0: Swinging Strike
1-1: Swinging Strike
1-2: Fly out, F9 (Flyball, 9M)
Batting: LHB Mario Olivares 0-0: DOUBLE (Groundball, 3L)
Batting: RHB Scott Green 0-0: Called Strike
0-1: Ball
1-1: Swinging Strike
1-2: Strikes out swinging
Top of the 5th over - 0 run(s), 1 hit(s), 0 error(s), 1 left on base; Chula Vista 2 - Saskatoon 0
BOTTOM OF THE 5TH
Saskatoon Smokin' Guns batting - Pitching for Chula Vista Tacos : RHP Luis Trevino
Batting: RHB Jason O'Toole 0-0: Ball
1-0: Ball
2-0: Called Strike
2-1: Ball
3-1: Base on Balls
Batting: RHB Oliver Harris 0-0: Called Strike
0-1: Swinging Strike
0-2: Strikes out swinging
Pitching: RHP Mike Marrero
Batting: RHB Eric Neal 0-0: Ball
1-0: Foul Ball, location: 2F
1-1: Foul Ball, location: 2F
1-2: Ball
2-2: Strikes out looking
Batting: LHB Freddy Herrera 0-0: Called Strike
0-1: Called Strike
0-2: Ball
1-2: Foul Ball, location: 2F
1-2: Strikes out swinging
Bottom of the 5th over - 0 run(s), 0 hit(s), 0 error(s), 1 left on base; Chula Vista 2 - Saskatoon 0
TOP OF THE 6TH
Chula Vista Tacos batting - Pitching for Saskatoon Smokin' Guns : RHP Bernardo Romero
Batting: SHB Adrián Nieto 0-0: Ground out 5-3 (Groundball, 56)
Batting: LHB José Torres 0-0: Called Strike
0-1: Ball
1-1: Called Strike
1-2: Ball
2-2: Strikes out looking
Batting: RHB Luis Martínez 0-0: Foul Ball, location: 2F
0-1: Ball
1-1: Swinging Strike
1-2: Ball
2-2: Foul Ball, location: 2F
2-2: Ground out U3 (Groundball, 3)
Top of the 6th over - 0 run(s), 0 hit(s), 0 error(s), 0 left on base; Chula Vista 2 - Saskatoon 0
BOTTOM OF THE 6TH
Saskatoon Smokin' Guns batting - Pitching for Chula Vista Tacos : RHP Mike Marrero
Batting: LHB Del Kennedy 0-0: SINGLE (Groundball, 4M)
Batting: RHB António Yánez 0-0: Ball
1-0: Called Strike
1-1: Ball
2-1: Foul Ball, location: 2F
2-2: SINGLE (Groundball, 13S) (infield hit)
Del Kennedy to second
Batting: RHB Pedro Núńez 0-0: Fly out, F9 (Flyball, 9LS)
Batting: RHB Chris Richards 0-0: Ball
Throwing error on steal attempt, E2
Del Kennedy scores
António Yánez to third
1-0: Ball
2-0: SINGLE (Flyball, 9S)
António Yánez scores
Batting: RHB Alvin Hampton 0-0: Called Strike
Chris Richards is caught stealing 2nd base
0-1: Called Strike
0-2: Ball
1-2: Foul Ball, location: 2F
1-2: Strikes out swinging
Bottom of the 6th over - 2 run(s), 3 hit(s), 1 error(s), 0 left on base; Chula Vista 2 - Saskatoon 2
TOP OF THE 7TH
Chula Vista Tacos batting - Pitching for Saskatoon Smokin' Guns : RHP Bernardo Romero
Batting: SHB Brian Price 0-0: Ball
1-0: Ball
2-0: Called Strike
2-1: Ball
3-1: Base on Balls
Batting: RHB Tim Davis 0-0: Bunted foul
0-1: Sac Bunt - play at first, batter OUT! 5-4
Brian Price to second
Pinch Hitting: LHB Noriaki Sangi 0-0: Intentional Walk
Pitching: RHP Allen Collins
Batting: RHB Doug Brown 0-0: Ball
1-0: Swinging Strike
1-1: Called Strike
1-2: Strikes out looking
Batting: LHB Mario Olivares 0-0: Called Strike
0-1: Swinging Strike
0-2: Strikes out looking
Top of the 7th over - 0 run(s), 0 hit(s), 0 error(s), 2 left on base; Chula Vista 2 - Saskatoon 2
BOTTOM OF THE 7TH
Saskatoon Smokin' Guns batting - Pitching for Chula Vista Tacos : RHP Mike Marrero
Now at SS: Tony Burns
Pinch Hitting: LHB Andrew Veeck 0-0: Ball
1-0: Fly out, F6 (Popup, 6MD)
Pitching: LHP Jerry Green
Batting: RHB Oliver Harris 0-0: Ball
1-0: Called Strike
1-1: Foul Ball, location: 2F
1-2: Ball
2-2: Strikes out swinging
Batting: RHB Eric Neal 0-0: Ball
1-0: Ball
2-0: Ball
3-0: Called Strike
3-1: Foul Ball, location: 2F
3-2: Fly out, F7 (Flyball, 7M)
Bottom of the 7th over - 0 run(s), 0 hit(s), 0 error(s), 0 left on base; Chula Vista 2 - Saskatoon 2
TOP OF THE 8TH
Chula Vista Tacos batting - Pitching for Saskatoon Smokin' Guns : RHP Allen Collins
Now at 1B: Andrew Veeck
Batting: RHB Scott Green 0-0: Ball
1-0: Called Strike
1-1: Swinging Strike
1-2: Ball
2-2: Ball
3-2: Strikes out looking
Batting: SHB Adrián Nieto 0-0: Foul Ball, location: 2F
0-1: Foul Ball, location: 2F
0-2: Ball
1-2: Foul Ball, location: 2F
1-2: Ball
2-2: Strikes out swinging
Batting: LHB José Torres 0-0: Called Strike
0-1: Swinging Strike
0-2: Ball
1-2: Strikes out swinging
Top of the 8th over - 0 run(s), 0 hit(s), 0 error(s), 0 left on base; Chula Vista 2 - Saskatoon 2
BOTTOM OF THE 8TH
Saskatoon Smokin' Guns batting - Pitching for Chula Vista Tacos : LHP Jerry Green
Batting: LHB Freddy Herrera 0-0: Called Strike
0-1: Ball
1-1: Ground out 3-1 (Groundball, 34S)
Batting: LHB Del Kennedy 0-0: Ball
1-0: Called Strike
1-1: Called Strike
1-2: Foul Ball, location: 2F
1-2: Ground out 6-3 (Groundball, 6)
Batting: RHB António Yánez 0-0: SINGLE (Groundball, 56D)
Batting: RHB Pedro Núńez 0-0: Swinging Strike
0-1: Ball
1-1: Ball
2-1: Ground out 4-3 (Groundball, 34)
Bottom of the 8th over - 0 run(s), 1 hit(s), 0 error(s), 1 left on base; Chula Vista 2 - Saskatoon 2
TOP OF THE 9TH
Chula Vista Tacos batting - Pitching for Saskatoon Smokin' Guns : RHP Allen Collins
Pitching: RHP Clayton Hawkins
Batting: RHB Luis Martínez 0-0: Ball
1-0: Foul Ball, location: 2F
1-1: Ball
2-1: Ball
3-1: Base on Balls
Batting: SHB Brian Price 0-0: Ball
1-0: Ball
2-0: Bunted foul
2-1: Bunt missed!
2-2: Ball
3-2: Foul Ball, location: 2F
3-2: Foul Ball, location: 2F
3-2: Fielders Choice at 2nd, 3-6 (Groundball, 3)
Pinch Hitting: SHB Chris Hall 0-0: Ball
1-0: Ball
2-0: Ball
3-0: Base on Balls
Brian Price to second
Pinch Hitting: LHB Jaime Icaza 0-0: Fielders Choice at 2nd, 4-6 (Groundball, 34)
Brian Price to third
Batting: RHB Doug Brown 0-0: Ball
1-0: Called Strike
1-1: Ball
2-1: Ground out 5-3 (Groundball, 5S)
Top of the 9th over - 0 run(s), 0 hit(s), 0 error(s), 2 left on base; Chula Vista 2 - Saskatoon 2
BOTTOM OF THE 9TH
Saskatoon Smokin' Guns batting - Pitching for Chula Vista Tacos : LHP Jerry Green
Pitching: RHP Doug Singleton
Now at SS: José Aranda
Now in LF: Jaime Icaza
Pinch Hitting: RHB Kenny Thompson 0-0: Ball
1-0: Foul Ball, location: 2F
1-1: Ball
2-1: Called Strike
2-2: Ball
3-2: Fly out, F7 (Flyball, 78S)
Pinch Hitting: RHB Gary Spencer 0-0: Ball
1-0: Ground out 6-3 (Groundball, 6M)
Batting: LHB Andrew Veeck 0-0: Called Strike
0-1: Fly out, F8 (Flyball, 8LXD)
Bottom of the 9th over - 0 run(s), 0 hit(s), 0 error(s), 0 left on base; Chula Vista 2 - Saskatoon 2
TOP OF THE 10TH
Chula Vista Tacos batting - Pitching for Saskatoon Smokin' Guns : RHP Clayton Hawkins
Now at C: Kenny Thompson
Now in LF: José Suárez
Batting: LHB Mario Olivares 0-0: Ball
1-0: Swinging Strike
1-1: Ball
2-1: Ball
3-1: Called Strike
3-2: Foul Ball, location: 2F
3-2: Fly out, F9 (Line Drive, 9M)
Batting: RHB Scott Green 0-0: Called Strike
0-1: SINGLE (Line Drive, 8LS)
Batting: SHB Adrián Nieto 0-0: Called Strike
0-1: Ball
1-1: Ball
2-1: Ball
3-1: SINGLE (Line Drive, 56D)
Scott Green to second
Batting: LHB José Torres 0-0: Fly out, F8 (Flyball, 8LS)
Batting: RHB Luis Martínez 0-0: SINGLE (Groundball, 56)
Scott Green to third
Adrián Nieto to second
Runner from 3rd tries for Home, SAFE, no throw or cutoff
Batting: SHB Brian Price 0-0: Called Strike
0-1: SINGLE (Groundball, 4MD)
Adrián Nieto to third
Luis Martínez to second
Runner from 3rd tries for Home, throw and OUT!
Top of the 10th over - 1 run(s), 4 hit(s), 0 error(s), 2 left on base; Chula Vista 3 - Saskatoon 2
BOTTOM OF THE 10TH
Saskatoon Smokin' Guns batting - Pitching for Chula Vista Tacos : RHP Doug Singleton
Now at C: José Oliveira
Batting: RHB Oliver Harris 0-0: Ball
1-0: SINGLE (Groundball, 25) (infield hit)
Pinch Runner at 1st Luis Suárez:
Batting: RHB Eric Neal 0-0: Sac Bunt - play at first, batter OUT! 1-4
Luis Suárez to second
Batting: LHB Freddy Herrera 0-0: Ball
1-0: Foul Ball, location: 2F
1-1: Ball
2-1: Ground out 3-1 (Groundball, 34)
Luis Suárez to third
Batting: LHB Del Kennedy 0-0: Called Strike
0-1: Ball
1-1: Swinging Strike
1-2: Strikes out swinging
Bottom of the 10th over - 0 run(s), 1 hit(s), 0 error(s), 1 left on base; Chula Vista 3 - Saskatoon 2
This league is powered by Out of the Park Baseball, the baseball management simulation game for PC, Mac and Linux
Wednesday, December 2nd, 2015 - OOTP Baseball 16.8 Build 38